 Dungeon Crawl Stone Soup version 0.31-a0-692-gf03d185 (webtiles) character file.

Game seed: 13140758358881991129

163 BarneyGumball the Cutter (level 5, 0/37 HPs)
             Began as a Gnoll Wanderer on Sept 6, 2023.
             Slain by Pargi (2 damage)
             ... on level 4 of the Dungeon.
             The game lasted 00:09:20 (2721 turns).

BarneyGumball the Cutter (Gnoll Wanderer)           Turns: 2721, Time: 00:09:21

Health: 0/37       AC:  4    Str: 11    XL:     5   Next: 44%
Magic:  9/9        EV: 10    Int:  9    God:
Gold:   71         SH:  8    Dex: 16    Spells: 10/10 levels left

rFire   . . .        e - +1 dagger (venom)
rCold   . . .        j - +0 kite shield
rNeg    . . .        d - +0 leather armour
rPois   .            (no helmet)
rElec   .            i - scarf {repulsion}
rCorr   .            r - +0 pair of gloves
SInv    .            (no boots)
Will    .....        p - amulet of the acrobat
Stlth   ++           (no ring)
HPRegen 0.26/turn    (no ring)
MPRegen 0.11/turn

%: repel missiles, acrobat
@: no status effects
A: fangs 1, strong nose, distributed training
a: no special abilities


You were on level 4 of the Dungeon.
You visited 1 branch of the dungeon, and saw 4 of its levels.

You collected 154 gold pieces.
You spent 83 gold pieces at shops.

Inventory:

Hand Weapons
 a - a +2 short sword
 e - a +1 dagger of venom (weapon)
Armour
 d - a +0 leather armour (worn)
 i - a scarf of repulsion (worn)
 j - a +0 kite shield (worn)
 r - a +0 pair of gloves (worn)
Jewellery
 p - an amulet of the acrobat (around neck)
Wands
 b - a wand of polymorph (5) (quivered)
Scrolls
 c - a scroll of silence
 m - 2 scrolls of enchant weapon {unknown}
 o - a scroll of teleportation
 q - a scroll of revelation {unknown}
Potions
 f - a potion of heal wounds
 g - a potion of brilliance {unknown}
 h - a potion of attraction
 k - 3 potions of might {unknown}
 l - a potion of lignification {unknown}
 n - 2 potions of curing


   Skills:
 + Level 1.5 Fighting
 + Level 6.7 Short Blades
 + Level 1.5 Long Blades
 + Level 1.5 Axes
 + Level 1.5 Maces & Flails
 + Level 1.5 Polearms
 + Level 1.5 Staves
 + Level 1.5 Ranged Weapons
 + Level 1.5 Throwing
 + Level 1.5 Armour
 + Level 3.0 Dodging
 + Level 2.8 Stealth
 + Level 1.5 Shields
 + Level 1.5 Unarmed Combat
 + Level 3.2 Spellcasting
 + Level 1.2 Conjurations
 + Level 1.2 Hexes
 + Level 1.2 Summonings
 + Level 1.2 Necromancy
 + Level 1.2 Translocations
 + Level 2.4 Transmutations
 + Level 1.2 Fire Magic
 + Level 1.2 Ice Magic
 + Level 1.2 Air Magic
 + Level 1.2 Earth Magic
 + Level 1.2 Poison Magic
 + Level 3.1 Invocations
 + Level 4.8 Evocations
 + Level 1.4 Shapeshifting


You had 10 spell levels left.
You didn't know any spells.
Your spell library contained the following spells:

 Spells                   Type           Power      Damage    Failure   Level
 Wereblood                Tmut           5%         N/A       69%         2
 Passwall                 Tmut/Erth      3%         N/A       78%         2
 Lesser Beckoning         Tloc           6%         N/A       86%         2
 Gell's Gravitas          Tloc           3%         N/A       97%         3
 Teleport Other           Tloc           3%         N/A       97%         3


Dungeon Overview and Level Annotations

Branches:
Dungeon (4/15)
 Temple: D:4-7

Altars:

Shops:
D:3 =*[?:

Annotations:
D:2 1 runed translucent door, exclusion: door, Crazy Yiuf
D:4 Pargi


Innate Abilities, Weirdness & Mutations

You have very sharp teeth.
Your uncanny sense of smell can sniff out nearby items.
Your experience applies equally to all skills.


Message History

Pargi is heavily wounded.
Pargi bites you. Pargi claws you but does no damage. Pargi claws you.
You hit Pargi.
Pargi looks as sick as possible!
Pargi is heavily wounded.
Pargi bites you. Pargi claws you. You block Pargi's attack.
You closely miss Pargi. Your bite misses Pargi.
Pargi is heavily wounded.
You block Pargi's attack. x2; Pargi claws you.
You closely miss Pargi.
Pargi is heavily wounded.
Pargi closely misses you. Pargi claws you but does no damage. x2
You barely miss Pargi.
Pargi is heavily wounded.
Pargi barely misses you. Pargi claws you but does no damage.
You block Pargi's attack.
You hit Pargi.
Pargi looks as sick as possible!
Pargi is heavily wounded.
You block Pargi's attack. Pargi claws you. x2
* * * LOW HITPOINT WARNING * * *
You closely miss Pargi. Your bite misses Pargi.
Pargi is severely wounded.
You block Pargi's attack. Pargi barely misses you. Pargi closely misses you.
You hit Pargi but do no damage.
Pargi is severely wounded.
You hit Pargi.
Pargi looks as sick as possible!
Pargi is severely wounded.
You block Pargi's attack. Pargi claws you but does no damage.
Pargi barely misses you.
You hit Pargi.
Pargi looks as sick as possible!
You bite Pargi, but do no damage.
Pargi is almost dead.
Pargi bites you.
* * * LOW HITPOINT WARNING * * *
Pargi closely misses you. Pargi barely misses you.
You hit Pargi. You bite Pargi.
Pargi is almost dead.
Pargi bites you.
* * * LOW HITPOINT WARNING * * *
Pargi claws you.
You die...

# # . # #.
.###..
#$.##.###......
...........# ∆
#..@T..#
########


You could see Pargi (extremely poisoned).

Vanquished Creatures
  An orc priest (D:3)
  A gnoll (D:1)
  4 adders
  2 worms
  3 dart slugs
  5 orcs (D:3)
  5 bats
  7 endoplasms
  3 giant cockroaches
  6 goblins
  7 hobgoblins
  3 quokkas
  5 ball pythons
  5 frilled lizards
  8 kobolds
  6 rats
71 creatures vanquished.

Notes
Turn   | Place    | Note
-------+----------+-------------------------------------------
     0 | D:1      | BarneyGumball the Gnoll Wanderer began the quest for the
                  | Orb.
     0 | D:1      | BarneyGumball set off with the following items: a +2 short
                  | sword, a wand of polymorph (5), a scroll of silence, a +0
                  | leather armour; and the following spells available to
                  | memorise: Wereblood, Passwall.
     0 | D:1      | Reached XP level 1. HP: 13/13 MP: 4/4
   135 | D:1      | Reached XP level 2. HP: 19/19 MP: 5/5
   252 | D:1      | Reached XP level 3. HP: 22/25 MP: 7/7
   634 | D:2      | Reached skill level 1 in Fighting
   634 | D:2      | Reached skill level 1 in Long Blades
   634 | D:2      | Reached skill level 1 in Axes
   634 | D:2      | Reached skill level 1 in Maces & Flails
   634 | D:2      | Reached skill level 1 in Polearms
   634 | D:2      | Reached skill level 1 in Staves
   634 | D:2      | Reached skill level 1 in Ranged Weapons
   634 | D:2      | Reached skill level 1 in Throwing
   634 | D:2      | Reached skill level 1 in Armour
   634 | D:2      | Reached skill level 1 in Shields
   634 | D:2      | Reached skill level 1 in Unarmed Combat
   719 | D:2      | Reached skill level 1 in Shapeshifting
   719 | D:2      | Reached XP level 4. HP: 28/32 MP: 8/8
  1069 | D:2      | Found a runed translucent door.
  1070 | D:2      | Noticed Crazy Yiuf
  1120 | D:2      | Reached skill level 1 in Conjurations
  1120 | D:2      | Reached skill level 1 in Hexes
  1120 | D:2      | Reached skill level 1 in Summonings
  1120 | D:2      | Reached skill level 1 in Necromancy
  1120 | D:2      | Reached skill level 1 in Translocations
  1120 | D:2      | Reached skill level 1 in Fire Magic
  1120 | D:2      | Reached skill level 1 in Ice Magic
  1120 | D:2      | Reached skill level 1 in Air Magic
  1120 | D:2      | Reached skill level 1 in Earth Magic
  1120 | D:2      | Reached skill level 1 in Poison Magic
  1573 | D:3      | Found Tiutwu Woest's General Store.
  1581 | D:3      | Bought a scroll of identify for 20 gold pieces
  1581 | D:3      | Bought a potion of curing for 30 gold pieces
  1586 | D:3      | Found Bolyoje's Jewellery Shop.
  1984 | D:3      | Found Awkil's Magic Scroll Emporium.
  2024 | D:3      | Bought a scroll of teleportation for 33 gold pieces
  2171 | D:3      | Found Zibbikys's Book Shop.
  2227 | D:3      | Reached XP level 5. HP: 37/37 MP: 9/9
  2236 | D:3      | Found Begunkiu's Armour Emporium.
  2700 | D:4      | Noticed Pargi
  2721 | D:4      | Slain by Pargi

Illustrated notes

Levels and vault maps discovered:
D:1:      shiori_shiawase, layout_rooms
D:2:      layout_basic, st_stairs_9, uniq_crazy_yiuf_cottage
D:3:      layout_loops_corners, serial_shops, shop, shop,
          nicolae_shop_tiny_statue_garden, shop, shop
D:4:      layout_loops_ring, mainiacjoe_overflow_chevrons,
          nicolae_overflow_hidden_temple, minmay_surrounded, uniq_pargi,
          uniq_menkaure

Skill      XL: |  1  2  3  4  5 |
---------------+----------------+-----
Transmutations | 2 |  2.4
Fighting       | 1 |  1.5
Long Blades    | 1 |  1.5
Axes           | 1 |  1.5
Maces & Flails | 1 |  1.5
Polearms       | 1 |  1.5
Staves         | 1 |  1.5
Ranged Weapons | 1 |  1.5
Throwing       | 1 |  1.5
Armour         | 1 |  1.5
Shields        | 1 |  1.5
Unarmed Combat | 1 |  1.5
Shapeshifting  | 1 |  1.4
Spellcasting   | 3 |  3.2
Conjurations   | 1 |  1.2
Hexes          | 1 |  1.2
Summonings     | 1 |  1.2
Necromancy     | 1 |  1.2
Translocations | 1 |  1.2
Fire Magic     | 1 |  1.2
Ice Magic      | 1 |  1.2
Air Magic      | 1 |  1.2
Earth Magic    | 1 |  1.2
Poison Magic   | 1 |  1.2
Invocations    | 3 |  3.1
Dodging        | 3 |  3.0
Short Blades   | |  6.7
Stealth        | |  2.8
Evocations     | |  4.8

Action                     |  1- 3 |  4- 6 || total
---------------------------+-------+-------++-------
  Melee: Dagger            |    72 |   129 ||   201
         Short sword       |     1 |       ||     1
         Punch             |     1 |       ||     1
         Bite              |     4 |    10 ||    14
    Use: Scroll            |       |     2 ||     2
   Stab: Sleeping          |     7 |     4 ||    11
 Armour: Leather armour    |    22 |    60 ||    82
  Dodge: Dodged            |    29 |    36 ||    65
  Block: Kite shield       |     1 |    54 ||    55

Table legend: (Time is in decaauts)
 A = Elapsed time spent in this place.
 B = Non-inter-level travel time spent in this place.
 C = Inter-level travel time spent in this place.
 D = Time resting spent in this place.
 E = Time spent auto-exploring this place.
 F = Levels seen in this place.
 G = Mean time per level.
                   A        B        C        D        E       F      G
               +--------+--------+--------+--------+--------+-----+--------+
         Total |   2685 |   2584 |    101 |     73 |   1935 |   4 |  671.2 |
       Dungeon |   2685 |   2584 |    101 |     73 |   1935 |   4 |  671.2 |
               +--------+--------+--------+--------+--------+-----+--------+

Top non-repeatable levels by time:
     D:3: 1101 daAuts
     D:2: 990 daAuts
     D:1: 575 daAuts
     D:4: 18 daAuts
